← All builds
Tech / Armada / Economy first / OBSERVED BUILD

Standard tech

Armada Tech (Eco) build order · Supreme Isthmus

Rushes T2 by 4:15, gets Advanced Metal Extractor around 5:28, hands off T2 constructors to Geo and the team, then scales eco and supplies the team's T2 needs through the rest of the game.

Usually first T2 con to Geo (83%)

#eco #t2 #team support · 1579 distinct matches · 255 players · 58% of Armada Tech games · team won 53% of 1874 · Recently observed

HOW TO PLAY IT

Key timing: T2 factory by 4:15

  1. Open 3 mex and heavy wind to fund a fast T2 rush.
  2. Put down Bot Lab, planning to eat it for reclaim soon after.
  3. Get Advanced Bot Lab up, hitting the T2 factory rush timing.
  4. Upgrade mex to Advanced Metal Extractor to lock in team metal income.
  5. Eat Advanced Bot Lab and keep sending cons to Geo and Pond.

Phase by phase

TYPICAL OF ITS 1579 GAMES
  1. 1
  2. 2
  3. 3
  4. 4
PLAY THE OPENING

Follow the example game's first 6:00 step by step: what to build now, what comes next, and where it goes. At 1× it keeps pace with your own game.

  1. 1

    Up to the Bot Lab

    Economy
    • Metal Extractor3Mex
    • Wind Turbine4Wind
    Order
    1. Bot LabBot Lab after 3 mex, 4 winddone ~1:18, middle half 1:13–1:32

    Some games also: energy storage (31%)

    By 1:01 in all: 3 mex · 4 wind

    The example game in this phase · 6 steps
    1. Mex ×2
    2. Wind ×2
    3. Mex
    4. Wind ×2
    5. Energy storage
    6. Bot LabBot Labdone 1:32 · typical 1:18
  2. 2

    Bot Lab to Advanced Bot Lab

    Economy
    • Metal Extractor1Mex
    • Wind Turbine8Wind
    • Energy Storage1Energy storage
    Order
    1. Advanced Bot LabAdvanced Bot Lab after 4 mex, 12 wind, 3 con turretdone ~4:16, middle half 4:04–4:30
    Builders
    • Construction Turret3 Con turret
    • Lazarus3 Lazarus
    • Construction Bot2 Con bot
    • Construction Bot1 Con bot for allies

    Some games also: converter (36%)

    By 3:18 in all: 4 mex · 12 wind · 1 energy storage · 3 con turret

    The example game in this phase · 24 steps
    1. Wind
    2. LazarusLazarus
    3. Wind ×3
    4. Construction BotCon bot
    5. LazarusLazarus
    6. Con turret ×2
    7. Construction BotCon bot
    8. Wind ×2
    9. Mex
    10. LazarusLazarus
    11. Wind ×2
    12. LazarusLazarus
    13. Wind
    14. Converter
    15. LazarusLazarus
    16. Wind
    17. Converter
    18. Wind ×2
    19. Converter
    20. Energy storage
    21. Converter ×2
    22. Bot LabEat Bot Labreclaimed for its metal
    23. Converter
    24. Advanced Bot LabAdvanced Bot Labdone 4:27 · typical 4:16
  3. 3

    Advanced Bot Lab to 5:00

    Economy
    • Wind Turbine3Wind
    Order
    1. Bot LabEat Bot Lab
    Builders
    • Advanced Construction Bot1 T2 con bot for allies

    Some games also: converter (35%)

    By 5:00 in all: 4 mex · 15 wind · 1 converter · 1 energy storage · 3 con turret

    The example game in this phase · 2 steps
    1. Advanced Construction BotT2 con botfor Geo
    2. Advanced Metal ExtractorT2 mexdone 5:27 · typical 5:29
  4. 4

    5:00 to 10:00

    Economy
    • Wind Turbine43Wind
    • Energy Converter6Converter
    Builders
    • Butler9 Butler
    • Advanced Construction Bot4 T2 con bot for allies
    • Advanced Construction Bot1 T2 con bot

    Some games also: con turret (43%) · Butler for allies (36%)

    By 10:00 in all: 4 mex · 58 wind · 8 converter · 1 energy storage · 3 con turret

    The example game in this phase · 265 steps
    1. Advanced Metal ExtractorT2 mex ×2
    2. Wind
    3. Advanced Construction BotT2 con botfor Air
    4. Wind
    5. ButlerButler
    6. Wind
    7. ButlerButler
    8. Advanced Metal ExtractorT2 mex
    9. Wind
    10. ButlerButler
    11. Wind
    12. ButlerButler
    13. Wind
    14. Advanced Construction BotT2 con botfor Geo sea
    15. Wind
    16. Con turret
    17. Wind ×2
    18. ButlerButler
    19. Converter
    20. Wind ×2
    21. ButlerButler
    22. Wind ×2
    23. Converter
    24. Advanced Construction BotT2 con botfor Pond
    25. Wind ×2
    26. Converter
    27. Wind ×4
    28. Converter
    29. Wind ×2
    30. ButlerButler
    31. Wind ×2
    32. Converter
    33. Wind
    34. ButlerButler
    35. Wind
    36. Converter
    37. Wind
    38. ButlerButler
    39. Wind
    40. Converter
    41. Wind
    42. ButlerButler
    43. Wind
    44. Converter
    45. Wind ×2
    46. ButlerButler
    47. Wind ×2
    48. Converter
    49. Wind
    50. ButlerButler
    51. Wind ×5
    52. ButlerButler
    53. Wind ×2
    54. Converter
    55. Wind ×3
    56. ButlerButler
    57. Wind ×7
    58. Converter
    59. Wind ×12
    60. Converter
    61. Wind ×4
    62. Advanced Construction BotT2 con bot
    63. Wind ×4
    64. Converter
    65. Wind ×15
    66. Converter
    67. Wind ×12
    68. Converter
    69. Con turret
    70. Wind ×11
    71. Converter
    72. Wind ×12
    73. Converter
    74. Wind ×9
    75. UmbrellaAnti-nukedone 11:13
    76. Wind ×3
    77. Converter ×2
    78. Wind ×6
    79. Converter
    80. Wind ×7
    81. Converter
    82. Wind
    83. Converter
    84. Wind ×6
    85. Converter
    86. Wind ×5
    87. Fusion ReactorFusiondone 12:37
    88. Wind ×4
    89. Converter
    90. Wind
    91. Converter
    92. Wind ×3
    93. Metal storage
    94. Converter
    95. Wind
    96. Converter
    97. Advanced Construction BotT2 con botfor Beach sea
    98. Wind ×2
    99. Con turret
    100. Wind
    101. Converter
    102. Wind ×7
    103. Con turret
    104. Wind
    105. Converter
    106. Wind ×2
    107. Advanced Bot LabEat Advanced Bot Labreclaimed for its metal
    108. Wind
    109. Con turret
    110. Wind ×3
    111. Con turret
    112. Wind ×3
    113. Converter
    114. Con turret
    115. Wind ×9
    116. Converter
    117. Wind ×8
    118. TracerTracer
    119. Converter
    120. Con turret
    121. Converter
    122. Wind ×8
    123. Converter
    124. Wind
    125. Bot LabBot Labdone 12:51
    126. Wind
    127. Converter
    128. Wind ×2
    129. TickTick ×2
    130. Wind ×2
    131. TickTick
    132. Wind
    133. TickTick
    134. Converter
    135. TickTick
    136. Wind
    137. TickTick
    138. Wind ×2
    139. TickTick ×2
    140. Converter
    141. Wind
    142. TickTick
    143. Wind ×2
    144. TickTick ×2
    145. Converter
    146. Wind
    147. TickTick
    148. Wind ×2
    149. TickTick
    150. Converter
    151. TickTick
    152. Wind ×3
    153. TickTick
    154. Converter
    155. TickTick
    156. Wind ×2
    157. TickTick
    158. Wind
    159. Converter ×2
    160. TickTick
    161. Wind
    162. TickTick
    163. Wind ×2
    164. TickTick ×2
    165. Wind
    166. TickTick
    167. Wind ×2
    168. TickTick
    169. Converter
    170. CitadelAnti-nukedone 14:15
    171. TickTick
    172. Wind ×2
    173. TickTick
    174. Wind
    175. Converter
    176. Wind ×2
    177. TickTick
    178. Converter
    179. Wind
    180. Con turret
    181. Wind
    182. TickTick
    183. Wind ×2
    184. TickTick
    185. Wind
    186. TickTick
    187. Wind
    188. Con turret
    189. Wind
    190. TickTick
    191. Converter
    192. Wind ×2
    193. TickTick
    194. Wind ×2
    195. TickTick
    196. Wind
    197. Con turret
    198. TickTick
    199. Wind ×2
    200. TickTick
    201. Converter
    202. Wind
    203. TickTick
    204. Con turret
    205. Wind
    206. Converter
    207. Wind
    208. TickTick
    209. Wind
    210. TickTick
    211. Wind ×2
    212. TickTick
    213. Wind
    214. TickTick
    215. Converter
    216. Wind ×2
    217. TickTick
    218. Con turret
    219. Wind
    220. TickTick
    221. Wind
    222. Converter
    223. Wind
    224. Con turret
    225. TickTick
    226. Wind
    227. TickTick
    228. Wind ×3
    229. Converter
    230. Wind ×2
    231. TickTick
    232. Wind ×3
    233. Converter
    234. TickTick
    235. Converter
    236. Wind ×3
    237. Bot LabEat Bot Labreclaimed for its metal
    238. Wind ×3
    239. Converter
    240. Wind ×3
    241. Converter ×2
    242. Wind ×8
    243. Converter
    244. Wind ×3
    245. Con turret
    246. Wind
    247. Fusion ReactorFusion
    248. Wind ×5
    249. Converter
    250. Wind ×3
    251. Con turret
    252. Wind ×3
    253. Bot LabBot Labdone 14:46
    254. Wind
    255. Converter
    256. Wind ×2
    257. TickTick ×2
    258. Wind ×3
    259. TickTick ×2
    260. Converter
    261. TickTick
    262. Wind ×2
    263. TickTick
    264. Wind
    265. TickTick

Counts are medians over the build's games: half of them build more, half fewer. The example game is isbedabrick's (31 OS, 20/09/2026); pick another.

Team trades

IN AT LEAST 30% OF ITS GAMES

You hand over

  • Construction Bot1 Con bot to Airfirst at 2:23 · in 84% of games
  • Advanced Construction Bot5 T2 con bot to Air or Geo sea or Pondfirst at 4:50 · in 99% of games
  • Butler2 Butler to Geo sea or Beach sea or Pondfirst at 9:07 · in 42% of games

You get

  • Hercules1 Light transport from Airfirst at 4:01 · in 86% of games

How it plays out

Typical game of this build, running totals by minute

Metal produced

020k40k
0:005:0010:0015:00

metal

Enemy metal destroyed

050100
0:005:0010:0015:00

metal

Own metal lost

050100150
0:005:0010:0015:00

metal

1874 games.

Show as table
ByMetal produced: This buildEnemy metal destroyed: This buildOwn metal lost: This build
1:0038300
2:0091500
3:00165100
4:00314400
5:00484700
6:00580000
7:00722700
8:00906100
9:001117300
10:001350300
11:001624200
12:001965600
13:002344500
14:0027362073
15:003154285130
WHAT THE NUMBERS SAY

Standard Tech play barely fights at all early, instead pouring metal into T2 infrastructure and constructors for the team.

  • + Metal produced hits 31679 by 15:00, by far the highest of any role here.
  • + T2 factory reached in 97% of games by 4:15, fastest and most reliable T2 timing.
  • − Enemy metal destroyed stays at 0 through 10:00, no early offense at all.
  • − Own metal lost also near 0, showing total avoidance of combat risk.
THE EXAMPLE YOU ARE READING

isbedabrick

30.9 OS · 20/09/2026

Open source match ↗

1 received units
2499 metal received · 85187 energy received

Allied construction assistance is unknown. Timings are observations, not a promise of solo reproducibility.

Typical milestones

Bot Lab1:18Middle 50%: 1:13–1:32 · n=1874
Advanced Bot Lab4:16Middle 50%: 4:04–4:30 · n=1867
Advanced Metal Extractor5:29Middle 50%: 5:05–5:59 · n=1870

Played most by

Amrissa93games of this buildTheGeneraI66games of this buildAdeus57games of this buildEl_Turco56games of this buildKOT_43games of this build